 Dungeon Crawl Stone Soup version 0.27.1-3-gb3d3a73c9e (webtiles) character file.

Game seed: 1335466390163630435

16 Gabide the Charlatan (level 2, -2/21 HPs)
             Began as a Human Artificer on Oct 29, 2021.
             Slain by a rat (3 damage)
             ... on level 1 of the Dungeon.
             The game lasted 00:01:20 (525 turns).

Gabide the Charlatan (Human Artificer)               Turns: 525, Time: 00:01:21

Health: -2/21      AC:  3    Str: 12    XL:     2   Next: 75%
Magic:  2/2        EV: 11    Int: 11    God:
Gold:   22         SH:  0    Dex: 13    Spells: 1/1 levels left

rFire    . . .     SeeInvis .   a - +0 club
rCold    . . .     Faith    .   (no shield)
rNeg     . . .     Spirit   .   b - +0 leather armour
rPois    .         Reflect  .   (no helmet)
rElec    .         Harm     .   (no cloak)
rCorr    .         Rampage  .   (no gloves)
Will     .....                  (no boots)
Stlth    +.........             (no amulet)
HPRegen  0.07/turn              (no ring)
MPRegen  0.08/turn              (no ring)

@: no status effects
A: no striking features
a: no special abilities


You were on level 1 of the Dungeon.
You visited 1 branch of the dungeon, and saw 1 of its levels.

You collected 22 gold pieces.

Inventory:

Hand Weapons
 a - a +0 club (weapon)
Armour
 b - a +0 leather armour (worn)
Wands
 c - a wand of flame (5) (quivered)
 d - a wand of charming (15)
Scrolls
 g - a scroll of torment {unknown}
Miscellaneous
 e - a piece from Xom's chessboard (15/15)


   Skills:
 * Level 1.0 Fighting
 * Level 0.8 Maces & Flails
 + Level 2.0 Armour
 + Level 1.1 Dodging
 + Level 1.0 Stealth
 + Level 3.5 Evocations


You had one spell level left.
You didn't know any spells.
Your spell library contained the following spells:

 Spells                   Type           Power      Damage    Failure   Level
 Beastly Appendage        Tmut           0%         N/A       41%         1
 Wereblood                Tmut           0%         N/A       56%         2
 Spider Form              Tmut/Pois      0%         N/A       80%         3


Dungeon Overview and Level Annotations

Branches:
Dungeon (1/15)

Altars:


Message History

You hit the dart slug.
The dart slug is moderately wounded.
The rat bites you. The dart slug launches a dart at you.
The slug dart hits you.
You are too injured to fight recklessly!
You are too injured to fight recklessly!
You are too injured to fight recklessly!
You are too injured to fight recklessly!
You are too injured to fight recklessly!
You are too injured to fight recklessly!
You are too injured to fight recklessly!
You are too injured to fight recklessly!
You are too injured to fight recklessly!
You are too injured to fight recklessly!
You are too injured to fight recklessly!
You are too injured to fight recklessly!
You are too injured to fight recklessly!
You are too injured to fight recklessly!
You are too injured to fight recklessly!
You are too injured to fight recklessly!
The rat barely misses you.
The dart slug bites you but does no damage.
The rat bites you. The dart slug launches a dart at you.
The slug dart hits you.
* * * LOW HITPOINT WARNING * * *
The rat completely misses you. The hobgoblin hits you.
* * * LOW HITPOINT WARNING * * *
You barely miss the rat. The rat bites you.
* * * LOW HITPOINT WARNING * * *
The rat bites you but does no damage.
You aren't carrying any potions.
You hit the rat but do no damage. The rat completely misses you.
You closely miss the rat. The rat bites you.
* * * LOW HITPOINT WARNING * * *
As you read the scroll labelled LONIFI CU YTIU, it crumbles to dust.
The scroll dissolves into smoke.
It was a scroll of fog.
The rat bites you.
You die...

............# #.....g..# ..
##....##.# ##.####....##.#
.......g..###.# ##
##....wr####..# .###. ###.##g#
#.## ..... ... #r# #.# ##### ..##
### #@# #.# ##..P## 8..#. #§# #.#
#.....# ............# #§# #.#
##.....## .##..........
#.####.###.P♣≈..P# ###.........#
#....†.....≈≈≈...♣ # #...).....#
#..###.##...≈≈♣≈..
###......(..####..###.###.≈♣≈≈♣..
............#..†..........♣≈≈≈♣≈P
###†......#.#.##..######....≈≈≈≈.


You could see a hobgoblin and a rat.

Vanquished Creatures
  A dart slug (D:1)
  A bat (D:1)
  A goblin (D:1)
  4 jackals (D:1)
  A quokka (D:1)
  2 frilled lizards (D:1)
  4 rats (D:1)
14 creatures vanquished.

Notes
Turn   | Place    | Note
-------+----------+-------------------------------------------
     0 | D:1      | Gabide the Human Artificer began the quest for the Orb.
     0 | D:1      | Reached XP level 1. HP: 15/15 MP: 1/1
   153 | D:1      | Reached XP level 2. HP: 17/21 MP: 2/2
   524 | D:1      | HP: 1/21 [rat (2)]
   525 | D:1      | Slain by a rat

Illustrated notes

Levels and vault maps discovered:
D:1:      grunt_arrival_lava_bath, layout_loops_ring, serial_bayou,
          serial_bayou_pond_a, serial_bayou_pond_a, serial_bayou_crossing,
          serial_bayou_ford_a

Action                   || total
-------------------------++-------
Melee: Club              ||    47
Evoke: Wand              ||    10
  Use: Scroll            ||     1
Armor: Leather armour    ||    25
Dodge: Dodged            ||    42
